 Dungeon Crawl Stone Soup version 0.28-b1-1-g3c77fb2ed1 (webtiles) character file.

Game seed: 17617695009741051466

531 zeram the Skirmisher (level 7, -1/55 HPs)
             Began as a Merfolk Fighter on Jan 29, 2022.
             Slain by a wight (3 damage)
             ... in a sewer.
             The game lasted 00:05:51 (3370 turns).

zeram the Skirmisher (Merfolk Fighter)              Turns: 3370, Time: 00:05:52

Health: -1/55      AC: 10    Str: 15 (18) XL:     7   Next: 24%
Magic:  7/7        EV:  9    Int:  6 (7)  God:
Gold:   71         SH:  5    Dex: 10 (11) Spells: 6/6 levels left

rFire   . . .      SeeInvis +   e - +5 mace "Egebuo" {holy, +Blink rN+++ Dex-3}
rCold   . . .      Faith    .   c - +1 buckler
rNeg    + + +      Spirit   .   b - +0 scale mail
rPois   .          Reflect  .   m - +2 helmet {SInv}
rElec   .          Harm     .   (no cloak)
rCorr   .          Rampage  .   (no gloves)
Will    .....                   (no boots)
Stlth   ..........              (no amulet)
HPRegen 0.18/turn               (no ring)
MPRegen 0.10/turn               (no ring)

@: on berserk cooldown, attractive, slowed, very slow
A: (nimble swimmer 2), mertail
a: Evoke Blink


You were in a sewer.
You visited 1 branch of the dungeon, and saw 4 of its levels.
You also visited: Sewer.

You collected 71 gold pieces.

Inventory:

Hand Weapons
 a - a +1 trident
 e - the +5 mace "Egebuo" (weapon) {holy, +Blink rN+++ Dex-3}
   (You found it on level 2 of the Dungeon)

   It has been blessed by the Shining One to cause great damage to the undead
   and demons.
   Dex:       It affects your dexterity (-3).
   rN:        It renders you almost immune to negative energy.
   +Blink:    It lets you blink.
Armour
 b - a +0 scale mail (worn)
 c - a +1 buckler (worn)
 m - a +2 helmet of see invisible (worn)
Wands
 k - a wand of flame (11)
Scrolls
 h - 2 scrolls of acquirement
Potions
 l - 2 potions of attraction


   Skills:
 + Level 4.6 Fighting
 + Level 3.4 Maces & Flails
 - Level 3.1 Polearms
 + Level 3.6 Armour
 + Level 2.0 Dodging
 + Level 4.1 Shields


You had 6 spell levels left.
You didn't know any spells.
Your spell library contained the following spells:

 Spells                   Type           Power      Damage    Failure   Level
 Slow                     Hex            0%         N/A       94%         1
 Confusing Touch          Hex            0%         N/A       100%        3
 Vampiric Draining        Necr           0%         2d6       100%        3


Dungeon Overview and Level Annotations

Branches:
Dungeon (4/15)              Sewer (1/1)
 Temple: D:4-7

Altars:

Shops:
D:4 =

Annotations:
D:3 1 runed translucent door


Innate Abilities, Weirdness & Mutations

((You are very nimble when in or above water. (Stealth+, EV+, Speed+++)))
Your lower body shifts to a powerful aquatic tail in water.


Message History

The bat hits you. The bat barely misses you.
The kobold hits you but does no damage.
The kobold hits you with a +0 short sword.
Unknown command.
It was a potion of attraction.
You feel attractive to monsters. The bat hits you but does no damage.
You block the bat's attack. The kobold hits you but does no damage.
You sock the kobold!
You kill the kobold!
The bat hits you but does no damage. You block the bat's attack.
The wight hits you with a +2 hand axe.
Unknown command.
You miss the bat. The bat closely misses you.
The bat hits you but does no damage. The wight hits you with a +2 hand axe.
* * * LOW HITPOINT WARNING * * *
The wight misses you.
Unknown command.
It was a potion of degeneration.
There was something very wrong with that liquid.
You feel weakened.
You feel dopey.
You feel clumsy. The bat hits you but does no damage.
The wight hits you with a +2 hand axe.
* * * LOW HITPOINT WARNING * * *
Okay, then.
As you read the scroll labelled CAMEOW WICWETU, it crumbles to dust.
It is a scroll of amnesia.
You feel forgetful for a moment. The bat barely misses you.
You block the wight's attack. The wight hits you with a +2 hand axe!
* * * LOW HITPOINT WARNING * * *
The bat barely misses you.
Okay, then.
Okay, then.
You hit the wight.
The wight convulses.
The wight is moderately damaged.
The bat barely misses you. The wight hits you with a +2 hand axe.
* * * LOW HITPOINT WARNING * * *
The bat barely misses you.
The shadow imp picks up a beetle and eats it.
The wight hits you with a +2 hand axe.
You die...

≈.. #≈..# ≈≈≈≈≈≈≈≈≈
#''' #≈≈.# .≈≈≈≈≈≈≈≈
..... #≈≈. ..≈≈ ≈≈≈
..⌠..###.####.###≈##≈
⌠.....#)..#≈≈........
.._.⌠.)...≈≈≈≈.......
⌠...b.#)5.#≈≈........
..⌠.. ##z####.#≈###≈≈
.... #≈b@#.)..≈≈≈≈≈≈
#'' #≈≈.#.)≈≈≈≈≈≈≈≈
≈. #≈≈.#)≈≈≈≈≈≈≈≈≈ ≈
#≈≈.#.≈≈≈≈≈≈≈≈≈
#≈..#.≈≈≈≈≈≈≈≈≈
#≈.)'.≈≈≈≈≈≈≈≈≈
##≈#################
#≈≈≈≈≈≈≈≈≈≈≈≈≈≈≈≈≈≈≈
#≈≈≈.≈≈≈≈≈≈≈≈≈≈≈≈≈≈≈


You could see a wight, a shadow imp and a bat.

Vanquished Creatures
  Blork the orc (D:4)
  A water moccasin skeleton (D:4)
  The ghost of ISoar the Slasher, a weakling DrCA of Fedhas (D:3)
  A wight (Sewer)
  Natasha (thrice) (D:3)
  3 gnolls (D:4)
  8 adders
  A river rat (D:3)
  5 shadow imps (Sewer)
  4 ufetubi (Sewer)
  An adder skeleton (D:4)
  4 dart slugs
  An orc (D:3)
  9 ball pythons
  3 endoplasms
  2 giant cockroaches
  4 goblins
  7 hobgoblins
  2 jackals (D:2)
  19 kobolds
  3 quokkas
  2 bats (D:3)
  A frilled lizard (D:3)
  6 rats
92 creatures vanquished.

Vanquished Creatures (others)
  9 plants (D:1)
  6 withered plants (D:1)
15 creatures vanquished.

Grand Total: 107 creatures vanquished

Notes
Turn   | Place    | Note
-------+----------+-------------------------------------------
     0 | D:1      | zeram the Merfolk Fighter began the quest for the Orb.
     0 | D:1      | Reached XP level 1. HP: 18/18 MP: 1/1
   344 | D:1      | Reached XP level 2. HP: 24/24 MP: 2/2
   448 | D:1      | Found a faded altar of an unknown god.
   634 | D:2      | Identified the +5 mace "Egebuo" {holy, +Blink rN+++ Dex-3}
   675 | D:2      | Reached XP level 3. HP: 17/29 MP: 3/3
  1648 | D:3      | Noticed Natasha
  1655 | D:3      | Killed Natasha
  1656 | D:3      | Reached skill level 1 in Dodging
  1656 | D:3      | Reached XP level 4. HP: 15/37 MP: 4/4
  1659 | D:3      | Reached skill level 1 in Maces & Flails
  2055 | D:3      | Found a runed translucent door.
  2059 | D:3      | Noticed ISoar's ghost (weakling DrCA)
  2125 | D:3      | Killed ISoar's ghost
  2126 | D:3      | Reached XP level 5. HP: 24/42 MP: 5/5
  2129 | D:3      | Found a runed translucent door.
  2376 | D:3      | Noticed Natasha
  2381 | D:3      | Killed Natasha
  2565 | D:3      | Noticed Natasha
  2570 | D:3      | Killed Natasha
  2839 | D:3      | Identified 3 scrolls of acquirement
  2839 | D:3      | Acquired a +2 helmet of see invisible
  2885 | D:4      | Found Joarao Xony's Jewellery Boutique.
  2892 | D:4      | Reached XP level 6. HP: 39/48 MP: 6/6
  2938 | D:4      | Noticed Blork the orc
  2947 | D:4      | Killed Blork the orc
  2953 | D:4      | Found a glowing drain.
  2981 | Sewer    | Entered a sewer
  3219 | Sewer    | Reached XP level 7. HP: 45/55 MP: 7/7
  3322 | Sewer    | Found an ancient bone altar of Kikubaaqudgha.
  3370 | Sewer    | HP: 2/55 [wight (5)]
  3370 | Sewer    | Slain by a wight

Illustrated notes

Levels and vault maps discovered:
D:1:      lemuel_arrival_rhombus, layout_basic,
          shapermc_ecumenical_altar_flowoftime, grunt_decor_clamped
D:2:      layout_loops_ring
D:3:      layout_loops_ring, ebering_ghost_sewer_f, grunt_ministairs_8,
          uniq_natasha
D:4:      layout_cave_pools, minmay_temple_entry_sparse_star, serial_shops,
          shop, gup_sewer_entry_glass, uniq_blork_the_orc, uniq_grinder
Sewer:    kennysheep_sewer_church

Skill      XL: |  1  2  3  4  5  6  7 |
---------------+----------------------+-----
Dodging        | 1 2 |  2.0
Maces & Flails | 1 2 3 |  3.4
Armour         | 3 |  3.6
Fighting       | 4 |  4.6
Shields        | 4 |  4.1
Polearms       | |  3.1

Action                   |  1- 3 |  4- 6 |  7- 9 || total
-------------------------+-------+-------+-------++-------
Melee: Trident           |    28 |       |       ||    28
       Mace              |    47 |    94 |    38 ||   179
       Tailslap          |       |     1 |       ||     1
  Use: Scroll            |     5 |     4 |     1 ||    10
       Potion            |     1 |     1 |     5 ||     7
Armor: Scale mail        |    46 |    39 |    43 ||   128
Dodge: Dodged            |    41 |    43 |    39 ||   123
Block: Buckler           |    22 |    35 |    23 ||    80
